 Dungeon Crawl Stone Soup version 0.31-a0-237-g2d982f9f85 (webtiles) character file.

Game seed: 16318904912539680922

8181 qw the Skirmisher (level 11, -1/100 HPs)
             Began as a Minotaur Hexslinger on July 11, 2023.
             Was a Believer of Okawaru.
             Slain by a five-headed hydra (3 damage)
             ... on level 2 of the Lair of Beasts.
             The game lasted 00:04:02 (9302 turns).

qw the Skirmisher (Minotaur Hexslinger)             Turns: 9302, Time: 00:04:03

Health: -1/100     AC: 15    Str: 14    XL:     11   Next: 6%
Magic:  12/13      EV: 16    Int: 10    God:    Okawaru [**....]
Gold:   421        SH:  0    Dex: 16    Spells: 11/12 levels left

rFire   + . .        Y - +1 orcbow
rCold   + . .        (shield currently unavailable)
rNeg    . . .        b - +5 swamp dragon scales
rPois   +            (helmet restricted)
rElec   .            g - scarf {rC+ rF+}
rCorr   .            (no gloves)
SInv    .            (no boots)
Will    .....        (no amulet)
Stlth   ++           i - +4 ring of slaying {mikee}
HPRegen 0.36/turn    (no ring)
MPRegen 0.13/turn

%: no passive effects
@: heroic
A: horns 2, retaliatory headbutt
a: Renounce Religion, Heroism


You were on level 2 of the Lair of Beasts.
You worshipped Okawaru.
Okawaru was pleased with you.
You visited 3 branches of the dungeon, and saw 11 of its levels.
You also visited: Sewer.

You collected 477 gold pieces.
You spent 56 gold pieces at shops.


Innate Abilities, Weirdness & Mutations

You have a pair of horns on your head.
You reflexively headbutt those who attack you in melee.


   Skills:
 - Level 10.2(15.2) Fighting
 + Level 14.0(19.0) Ranged Weapons
 - Level 4.9(9.9) Armour
 - Level 5.3(10.3) Dodging
 - Level 1.0 Spellcasting
 - Level 2.0 Hexes
 - Level 4.3 Invocations


You had 11 spell levels left.
You knew the following spells:

 Your Spells              Type           Power      Damage    Failure   Level
a - Slow                  Hex            16%        N/A       26%         1

Your spell library contained the following spells:

 Spells                   Type           Power      Damage    Failure   Level
 Inner Flame              Hex/Fire       2%         N/A       75%         3
 Portal Projectile        Hex/Tloc       4%         N/A       75%         3
 Cause Fear               Hex            2%         N/A       95%         4

Inventory:

Hand Weapons
 Y - a +1 orcbow (weapon)
Armour
 b - +5 swamp dragon scales (worn)
 g - a scarf of resistance (worn)
Jewellery
 h - a ring of fire
 i - a +4 ring of slaying (left hand) {mikee}
Scrolls
 e - a scroll of identify
Potions
 a - 2 potions of enlightenment
 d - a potion of curing
 f - a potion of haste
 j - a potion of magic

Dungeon Overview and Level Annotations

Branches:
Dungeon (8/15)             Temple (1/1) D:4            Lair (2/5) D:8
  Sewer (visited)
  Swamp: Lair:2-3    Shoals: Lair:2-3     Snake: Lair:2-3    Spider: Lair:2-3

Altars:
Ashenzari
Cheibriados
Dithmenos
Elyvilon
Fedhas
Gozag
Hepliaklqana
Kikubaaqudgha
Makhleb
Nemelex Xobeh
Okawaru
Qazlal
Ru
Sif Muna
Trog
Uskayaw
Vehumet
Wu Jian
Xom
Yredelemnul
Zin
The Shining One

Shops:
D:3 [

Annotations:
D:5 2 transporters, qw's ghost, amateur MiHs


Message History

The five-headed hydra bites you. x2; The elephant tramples you.
You hold your ground!
The elephant misses you. The elephant tramples you!
You hold your ground!
The elephant trunk-slaps you but does no damage.
You shoot an arrow. The cane toad gives a loud, deep croak!
The arrow hits the elephant but does no damage.
The elephant is severely wounded.
A komodo dragon comes into view.
The five-headed hydra bites you but does no damage. x2
The five-headed hydra bites you.
The five-headed hydra closely misses you.
The five-headed hydra misses you.
You shoot an arrow. The komodo dragon hisses angrily.
The arrow hits the elephant.
The elephant is severely wounded.
The elephant tramples you!
You hold your ground!
The elephant trunk-slaps you but does no damage.
The elephant completely misses you. The elephant closely misses you.
The elephant tramples you!
You hold your ground!
The elephant trunk-slaps you but does no damage.
The five-headed hydra bites you but does no damage.
The five-headed hydra bites you.
The five-headed hydra bites you but does no damage.
The five-headed hydra completely misses you.
The five-headed hydra barely misses you.
You shoot an arrow. The arrow hits the elephant!
The elephant is almost dead.
The elephant tramples you.
You hold your ground!
The elephant trunk-slaps you but does no damage.
The elephant completely misses you. The elephant misses you.
The elephant tramples you but does no damage.
The elephant barely misses you.
You shoot an arrow. The arrow hits the elephant.
The elephant is almost dead.
The five-headed hydra misses you. The five-headed hydra bites you!
The five-headed hydra bites you but does no damage.
The five-headed hydra bites you.
You die...

~.. .. #. ~.##l# . #
#....# .#
#.##....!##.
........#..# ..
.......YF.#....
.....SYYD..#.# #
##.Y@#....#
P..##.#.###...#
..........#...#
.........P#...#
.......>..#...## ..
.......<.#.....#....
.........##.<.......
....................
....................


You could see a five-headed hydra, 4 elephants, a komodo dragon, a cane toad and
a water moccasin.

Vanquished Creatures
  A death yak (Lair:1)
  An elephant (Lair:2)
  6 cane toads
  Maggie (D:6)
  A rime drake (Lair:1)
  A troll (D:7)
  Sigmund (D:6)
  4 wyverns
  A spriggan (Lair:1)
  A basilisk (Lair:1)
  Menkaure (D:7)
  4 water moccasins
  An orc warrior (D:8)
  An ice beast (D:6)
  A black bear (D:6)
  6 wolves (Lair:1)
  3 ogres
  2 centaurs
  5 kobold brigands
  6 bullfrogs
  4 scorpions
  3 killer bees (D:8)
  A howler monkey (D:5)
  A jelly (D:4)
  3 orc priests
  2 gnoll boudas (D:7)
  4 hounds
  An iguana (D:4)
  4 orc wizards
  15 gnolls
  13 adders
  4 river rats
  2 shadow imps
  3 worms
  3 dart slugs
  30 orcs
  11 ball pythons
  7 bats
  8 endoplasms
  3 giant cockroaches
  9 goblins
  12 hobgoblins
  A jackal (Sewer)
  5 quokkas
  10 frilled lizards
  26 kobolds
  16 rats
249 creatures vanquished.

Notes
Turn   | Place    | Note
-------+----------+-------------------------------------------
     0 | D:1      | qw the Minotaur Hexslinger began the quest for the Orb.
     0 | D:1      | Reached XP level 1. HP: 16/16 MP: 1/1
     0 | D:1      | 0 ||| qw: Version: 0.3-a-52-g30416fa
     0 | D:1      | 0 ||| qw: Game counter: 5465
     0 | D:1      | 0 ||| qw: Melee chars always use a shield: true
     0 | D:1      | 0 ||| qw: God list: Okawaru
     0 | D:1      | 0 ||| qw: Allow faded altars: false
     0 | D:1      | 0 ||| qw: Do Orc after clearing Dungeon:15 true
     0 | D:1      | 0 ||| qw: Do second Lair branch before Depths: true
     0 | D:1      | 0 ||| qw: Lair rune preference: random
     0 | D:1      | 0 ||| qw: Goals: Normal
     0 | D:1      | 0 ||| PLANNING D:1-11
   163 | D:1      | Reached skill level 3 in Ranged Weapons
   163 | D:1      | Reached XP level 2. HP: 23/23 MP: 2/2
   941 | D:1      | 941 ||| UPGRADING to scarf of resistance.
   946 | D:1      | 946 ||| DROPPING ring of wizardry.
   947 | D:1      | 947 ||| READING scroll labelled WYXETA FOUP.
   948 | D:1      | 948 ||| READING scroll labelled JIPRIM QOFAREO.
   949 | D:1      | 949 ||| DRINKING 2 black potions.
   950 | D:1      | 950 ||| DRINKING 2 fizzy grey potions.
   951 | D:1      | 951 ||| DROPPING scroll of poison.
   952 | D:1      | 952 ||| DROPPING potion of degeneration.
   966 | D:2      | 966 ||| STAIRDANCE
   970 | D:1      | Reached XP level 3. HP: 15/29 MP: 3/3
  1029 | D:2      | 1029 ||| STAIRDANCE
  1095 | D:2      | Reached skill level 4 in Ranged Weapons
  1144 | D:2      | 1144 ||| FLEEEEING.
  1222 | D:2      | 1222 ||| SWAPPING to +4 sling.
  1224 | D:2      | 1224 ||| DROPPING +1 sling.
  1439 | D:3      | Found Jiataota's Antique Armour Boutique.
  1446 | D:3      | 1446 ||| STAIRDANCE
  1484 | D:3      | 1484 ||| BUYING leather armour (56 gold).
  1484 | D:3      | Bought a leather armour for 56 gold pieces
  1484 | D:3      | 1484 ||| SHOPLISTING pair of glowing gloves (210 gold, have
                  | 42).
  1484 | D:3      | 1484 ||| SHOPLISTING ring mail (112 gold, have 42).
  1484 | D:3      | 1484 ||| SHOPLISTING runed hat (196 gold, have 42).
  1490 | D:3      | Reached XP level 4. HP: 36/36 MP: 4/4
  1624 | D:3      | Reached skill level 5 in Ranged Weapons
  1769 | D:3      | Noticed a scorpion
  1773 | D:3      | Killed a scorpion
  1774 | D:3      | Reached skill level 3 in Fighting
  1774 | D:3      | Reached XP level 5. HP: 46/46 MP: 5/5
  1776 | D:3      | Found a burning altar of Makhleb.
  1956 | D:3      | 1956 ||| UPGRADING to +0 leather armour.
  1966 | D:3      | 1966 ||| DROPPING +0 robe.
  1967 | D:3      | 1967 ||| UPGRADING to +0 ring mail.
  1977 | D:3      | 1977 ||| DROPPING +0 leather armour.
  1978 | D:3      | 1978 ||| READING scroll labelled BUCIOZIDOR.
  1979 | D:3      | 1979 ||| DRINKING 2 glowing red potions.
  1980 | D:3      | 1980 ||| READING 2 scrolls of identify.
  1980 | D:3      | 1980 ||| IDENTIFYING green potion
  1981 | D:3      | 1981 ||| DROPPING potion of attraction.
  2117 | D:4      | Reached skill level 1 in Armour
  2184 | D:4      | Reached skill level 6 in Ranged Weapons
  2184 | D:4      | Reached XP level 6. HP: 52/52 MP: 6/6
  2614 | D:4      | Found a staircase to the Ecumenical Temple.
  2615 | D:4      | 2615 ||| PLANNING TEMPLE
  2619 | D:4      | Reached skill level 7 in Ranged Weapons
  2625 | D:4      | Reached XP level 7. HP: 57/59 MP: 7/7
  2629 | D:4      | 2629 ||| DROPPING scarf of resistance.
  2630 | D:4      | 2630 ||| READING 2 scrolls labelled BETUCHE IDOI.
  2631 | D:4      | 2631 ||| READING 4 scrolls of identify.
  2631 | D:4      | 2631 ||| IDENTIFYING bubbling dark potion
  2632 | D:4      | 2632 ||| READING 3 scrolls of identify.
  2632 | D:4      | 2632 ||| IDENTIFYING grey potion
  2633 | D:4      | 2633 ||| READING 2 scrolls of identify.
  2633 | D:4      | 2633 ||| IDENTIFYING smoky emerald potion
  2634 | D:4      | 2634 ||| DROPPING scroll of amnesia.
  2635 | D:4      | 2635 ||| DROPPING potion of magic.
  2636 | D:4      | 2636 ||| DROPPING potion of lignification.
  2645 | Temple   | Entered the Ecumenical Temple
  2647 | Temple   | 2647 ||| PLANNING OKAWARU WORSHIP
  2696 | Temple   | Became a worshipper of Warmaster Okawaru
  2697 | Temple   | 2697 ||| PLANNING D:1-11
  2753 | D:5      | Entered Level 5 of the Dungeon
  2754 | D:5      | 2754 ||| PLANNING SEWER
  2768 | D:5      | 2768 ||| Stepping ~*~*~tactically~*~*~ (outnumbered).
  3027 | D:5      | Found a glowing drain.
  3028 | D:5      | 3028 ||| Stepping ~*~*~tactically~*~*~ (water).
  3031 | D:5      | 3031 ||| READING scroll labelled ZULLIE SAVOASO.
  3032 | D:5      | 3032 ||| FLEEEEING.
  3033 | D:5      | 3033 ||| FLEEEEING.
  3034 | D:5      | 3034 ||| FLEEEEING.
  3035 | D:5      | 3035 ||| FLEEEEING.
  3036 | D:5      | 3036 ||| FLEEEEING.
  3037 | D:5      | 3037 ||| FLEEEEING.
  3038 | D:5      | 3038 ||| FLEEEEING.
  3052 | D:5      | 3052 ||| FLEEEEING.
  3053 | D:5      | 3053 ||| FLEEEEING.
  3063 | D:5      | 3063 ||| READING scroll labelled PEBUTU UDUL.
  3120 | Sewer    | Entered a sewer
  3251 | Sewer    | 3251 ||| Stepping ~*~*~tactically~*~*~ (water).
  3253 | Sewer    | 3253 ||| Stepping ~*~*~tactically~*~*~ (water).
  3255 | Sewer    | 3255 ||| Stepping ~*~*~tactically~*~*~ (water).
  3266 | Sewer    | Reached skill level 8 in Ranged Weapons
  3356 | Sewer    | 3356 ||| Stepping ~*~*~tactically~*~*~ (water).
  3393 | Sewer    | 3393 ||| Stepping ~*~*~tactically~*~*~ (water).
  3552 | Sewer    | 3552 ||| Stepping ~*~*~tactically~*~*~ (water).
  3554 | Sewer    | 3554 ||| Stepping ~*~*~tactically~*~*~ (water).
  3946 | Sewer    | 3946 ||| READING scroll labelled JEAKHL LACREARU.
  3947 | Sewer    | 3947 ||| READING scroll labelled JEFFAF TEOLEH.
  3948 | Sewer    | 3948 ||| DRINKING 2 blue potions.
  3980 | D:5      | 3980 ||| PLANNING D:1-11
  4056 | D:5      | 4056 ||| FLEEEEING.
  4057 | D:5      | 4057 ||| FLEEEEING.
  4058 | D:5      | 4058 ||| FLEEEEING.
  4059 | D:5      | 4059 ||| FLEEEEING.
  4080 | D:5      | 4080 ||| FLEEEEING.
  4084 | D:5      | 4084 ||| DRINKING 3 potions of curing.
  4084 | D:5      | 4084 ||| (to cure confusion)
  4087 | D:5      | Reached * piety under Okawaru
  4217 | D:5      | 4217 ||| INVOKING Heroism.
  4218 | D:5      | 4218 ||| INVOKING Heroism.
  4224 | D:5      | Reached skill level 9 in Ranged Weapons
  4295 | D:5      | Reached XP level 8. HP: 67/68 MP: 8/8
  4583 | D:5      | Found a transporter.
  4593 | D:5      | Found a transporter.
  4596 | D:5      | Noticed qw's ghost (amateur MiHs)
  4735 | D:6      | 4735 ||| STAIRDANCE
  4740 | D:5      | Reached skill level 1 in Invocations
  4832 | D:6      | 4832 ||| STAIRDANCE
  4957 | D:6      | Reached skill level 6 in Fighting
  4969 | D:6      | 4969 ||| INVOKING Heroism.
  5105 | D:6      | 5105 ||| SWAPPING to +0 orcbow.
  5107 | D:6      | 5107 ||| DROPPING +5 sling.
  5112 | D:6      | Reached skill level 3 in Dodging
  5112 | D:6      | Reached skill level 3 in Invocations
  5121 | D:6      | Noticed Maggie
  5126 | D:6      | Noticed Sigmund
  5127 | D:6      | 5127 ||| INVOKING Heroism.
  5136 | D:6      | HP: 14/70 [something (6)]
  5137 | D:6      | 5137 ||| DRINKING potion of heal wounds.
  5139 | D:6      | Killed Maggie
  5153 | D:6      | HP: 15/70 [something (8)]
  5158 | D:6      | HP: 9/70 [Sigmund/+0 scythe of flaming (3)]
  5159 | D:6      | 5159 ||| INVOKING Heroism.
  5161 | D:6      | Killed Sigmund
  5162 | D:6      | Reached skill level 10 in Ranged Weapons
  5162 | D:6      | Reached XP level 9. HP: 10/75 MP: 8/11
  5371 | D:6      | 5371 ||| INVOKING Heroism.
  5473 | D:6      | 5473 ||| INVOKING Heroism.
  5740 | D:6      | 5740 ||| UPGRADING to +0 swamp dragon scales.
  5750 | D:6      | 5750 ||| DROPPING +0 ring mail.
  5751 | D:6      | 5751 ||| READING 2 scrolls of enchant armour.
  5751 | D:6      | 5751 ||| ENCHANTING +0 swamp dragon scales.
  5752 | D:6      | 5752 ||| READING scroll of enchant armour.
  5752 | D:6      | 5752 ||| ENCHANTING +1 swamp dragon scales.
  5753 | D:6      | 5753 ||| READING scroll labelled GANIXE FAME.
  5754 | D:6      | 5754 ||| READING 2 scrolls of identify.
  5754 | D:6      | 5754 ||| IDENTIFYING sapphire potion
  5755 | D:6      | 5755 ||| DROPPING potion of invisibility.
  5764 | D:7      | 5764 ||| INVOKING Heroism.
  5775 | D:7      | Reached skill level 3 in Armour
  5786 | D:7      | 5786 ||| STAIRDANCE
  5788 | D:6      | 5788 ||| INVOKING Heroism.
  5795 | D:6      | 5795 ||| DRINKING 2 potions of curing.
  5795 | D:6      | 5795 ||| (to cure confusion)
  5886 | D:7      | 5886 ||| STAIRDANCE
  5978 | D:7      | 5978 ||| STAIRDANCE
  5982 | D:6      | 5982 ||| INVOKING Heroism.
  6206 | D:7      | Noticed a troll
  6207 | D:7      | 6207 ||| INVOKING Heroism.
  6214 | D:7      | Killed a troll
  6215 | D:7      | Reached skill level 11 in Ranged Weapons
  6276 | D:7      | Noticed Menkaure
  6277 | D:7      | 6277 ||| INVOKING Heroism.
  6281 | D:7      | Killed Menkaure
  6500 | D:7      | 6500 ||| Stepping ~*~*~tactically~*~*~ (outnumbered).
  6502 | D:7      | 6502 ||| Stepping ~*~*~tactically~*~*~ (outnumbered).
  6522 | D:7      | 6522 ||| FLEEEEING.
  6523 | D:7      | 6523 ||| FLEEEEING.
  6524 | D:7      | 6524 ||| FLEEEEING.
  6525 | D:7      | 6525 ||| FLEEEEING.
  6526 | D:7      | 6526 ||| FLEEEEING.
  6527 | D:7      | 6527 ||| FLEEEEING.
  6528 | D:7      | 6528 ||| FLEEEEING.
  6529 | D:7      | 6529 ||| FLEEEEING.
  6530 | D:7      | 6530 ||| FLEEEEING.
  6531 | D:7      | 6531 ||| FLEEEEING.
  6532 | D:7      | 6532 ||| FLEEEEING.
  6533 | D:7      | 6533 ||| FLEEEEING.
  6534 | D:7      | 6534 ||| FLEEEEING.
  6535 | D:7      | 6535 ||| FLEEEEING.
  6536 | D:7      | 6536 ||| FLEEEEING.
  6537 | D:7      | 6537 ||| FLEEEEING.
  6538 | D:7      | 6538 ||| FLEEEEING.
  6539 | D:7      | 6539 ||| FLEEEEING.
  6540 | D:7      | 6540 ||| FLEEEEING.
  6541 | D:7      | 6541 ||| FLEEEEING.
  6542 | D:7      | 6542 ||| FLEEEEING.
  6543 | D:7      | 6543 ||| FLEEEEING.
  6544 | D:7      | 6544 ||| FLEEEEING.
  6545 | D:7      | 6545 ||| FLEEEEING.
  6546 | D:7      | 6546 ||| FLEEEEING.
  6547 | D:7      | 6547 ||| FLEEEEING.
  6548 | D:7      | 6548 ||| FLEEEEING.
  6549 | D:7      | 6549 ||| FLEEEEING.
  6550 | D:7      | 6550 ||| FLEEEEING.
  6551 | D:7      | 6551 ||| FLEEEEING.
  6552 | D:7      | 6552 ||| FLEEEEING.
  6553 | D:7      | 6553 ||| FLEEEEING.
  6554 | D:7      | 6554 ||| FLEEEEING.
  6555 | D:7      | 6555 ||| FLEEEEING.
  6642 | D:7      | Found a sparkling altar of Nemelex Xobeh.
  6649 | D:7      | Found a stormy altar of Qazlal.
  6652 | D:7      | Found a sacrificial altar of Ru.
  6653 | D:7      | Found a white marble altar of Elyvilon.
  6654 | D:7      | Found a hazy altar of Hepliaklqana.
  6654 | D:7      | Found a shimmering blue altar of Sif Muna.
  6655 | D:7      | Found a glowing silver altar of Zin.
  6656 | D:7      | Found an opulent altar of Gozag.
  6698 | D:7      | 6698 ||| INVOKING Heroism.
  6791 | D:7      | 6791 ||| READING 3 scrolls of enchant armour.
  6791 | D:7      | 6791 ||| ENCHANTING +2 swamp dragon scales.
  6792 | D:7      | 6792 ||| READING 2 scrolls of enchant armour.
  6792 | D:7      | 6792 ||| ENCHANTING +3 swamp dragon scales.
  6793 | D:7      | 6793 ||| READING scroll of enchant armour.
  6793 | D:7      | 6793 ||| ENCHANTING +4 swamp dragon scales.
  6906 | D:7      | Reached skill level 12 in Ranged Weapons
  7034 | D:7      | 7034 ||| DROPPING ring of magical power.
  7145 | D:8      | Found a staircase to the Lair.
  7173 | D:8      | 7173 ||| FLEEEEING.
  7405 | D:8      | Found a flagged portal.
  7517 | D:8      | 7517 ||| READING scroll of enchant weapon.
  7517 | D:8      | 7517 ||| ENCHANTING +0 orcbow.
  7635 | D:8      | 7635 ||| INVOKING Heroism.
  7649 | D:8      | Reached XP level 10. HP: 70/88 MP: 10/12
  7819 | D:8      | 7819 ||| PLANNING LAIR
  7819 | D:8      | 7819 ||| DROPPING amulet of guardian spirit.
  7820 | D:8      | 7820 ||| UPGRADING to +4 ring of slaying {mikee}.
  7844 | Lair:1   | Entered Level 1 of the Lair of Beasts
  7861 | Lair:1   | Noticed a cane toad
  7862 | Lair:1   | 7862 ||| INVOKING Heroism.
  7871 | Lair:1   | Killed a cane toad
  8069 | Lair:1   | Noticed a cane toad
  8070 | Lair:1   | 8070 ||| INVOKING Heroism.
  8080 | Lair:1   | Killed a cane toad
  8301 | Lair:1   | Noticed a cane toad
  8302 | Lair:1   | 8302 ||| INVOKING Heroism.
  8310 | Lair:1   | Killed a cane toad
  8311 | Lair:1   | Reached skill level 13 in Ranged Weapons
  8362 | Lair:1   | Reached skill level 9 in Fighting
  8383 | Lair:1   | Reached ** piety under Okawaru
  8468 | Lair:1   | Noticed a cane toad
  8469 | Lair:1   | 8469 ||| INVOKING Heroism.
  8475 | Lair:1   | Killed a cane toad
  8752 | Lair:1   | Noticed a death yak
  8753 | Lair:1   | 8753 ||| INVOKING Heroism.
  8761 | Lair:1   | Killed a death yak
  8763 | Lair:1   | Reached skill level 14 in Ranged Weapons
  9074 | Lair:1   | Noticed a cane toad
  9075 | Lair:1   | 9075 ||| INVOKING Heroism.
  9083 | Lair:1   | Killed a cane toad
  9215 | Lair:1   | 9215 ||| READING 2 scrolls labelled WITOZX LONO.
  9216 | Lair:1   | 9216 ||| READING 2 scrolls of identify.
  9216 | Lair:1   | 9216 ||| IDENTIFYING cyan potion
  9217 | Lair:1   | 9217 ||| DROPPING potion of brilliance.
  9218 | Lair:1   | 9218 ||| DROPPING scroll of fog.
  9258 | Lair:2   | Noticed a cane toad
  9259 | Lair:2   | 9259 ||| INVOKING Heroism.
  9266 | Lair:2   | Killed a cane toad
  9267 | Lair:2   | Reached XP level 11. HP: 97/99 MP: 10/13
  9287 | Lair:2   | Noticed a five-headed hydra
  9288 | Lair:2   | 9288 ||| INVOKING Heroism.
  9300 | Lair:2   | HP: 23/100 [elephant (11)]
  9302 | Lair:2   | HP: 2/100 [five-headed hydra (11)]
  9302 | Lair:2   | Slain by a five-headed hydra

Levels and vault maps discovered:
D:1:      minmay_arrival_three_doors, layout_loops_corners, minmay_statues_item,
          grunt_decor_cap, skrybe_limestone_x
D:2:      layout_rooms
D:3:      layout_rooms, bloody_makhleb, serial_shops, shop,
          supply_closet_lemuel, st_stairs_1
D:4:      layout_basic, minmay_temple_entry_nine_rooms
D:5:      layout_basic, gammafunk_ghost_stat_death, portal_sewer_entry_e,
          minivault_27
D:6:      layout_cave_pools, uniq_sigmund, uniq_maggie
D:7:      layout_loops_ring, minitemple, uniq_menkaure
D:8:      layout_loops_cross, lair_entry_dummy, enter_bailey_5
Temple:   nicolae_temple_ecumenical_triangle
Lair:1:   layout_loops_ring, chequers_serial_rivers_large_b,
          grunt_forest_large_clearing_hut, grunt_megastairs_1
Lair:2:   layout_gridlike, swamp_mist, spider_nest_entry_a,
          dreamdust_gnoll_shepherd, grunt_megastairs_2

Skill      XL: |  1  2  3  4  5  6  7  8  9 10 11 |
---------------+----------------------------------+-----
Ranged Weapons | 3 4 5 6 7 9 10 12 14 | 14.0
Fighting       | 2 3 4 5 6 8 9 10 | 10.2
Armour         | 1 2 3 4 |  4.9
Invocations    | 4 |  4.3
Dodging        | 3 4 5 |  5.3
Spellcasting   | |  1.0
Hexes          | |  2.0

Action                     |  1- 3 |  4- 6 |  7- 9 | 10-12 || total
---------------------------+-------+-------+-------+-------++-------
   Fire: Sling             |   111 |   145 |   239 |       ||   495
         Orcbow            |       |       |   277 |   132 ||   409
 Invoke: Heroism           |       |       |    13 |     8 ||    21
    Use: Scroll            |     2 |     2 |    16 |     2 ||    22
         Potion            |     2 |     1 |     4 |       ||     7
 Armour: Robe              |     7 |       |       |       ||     7
         Ring mail         |       |    21 |    52 |       ||    73
         Swamp dragon scal |       |       |    69 |    35 ||   104
  Dodge: Dodged            |    35 |    45 |   221 |    51 ||   352

Table legend:
 A = Non-vault XP
 B = Vault XP
 C = Vault XP percentage of total XP
 D = Non-vault monster count
 E = Vault monster count
 F = Vault count percentage of total count
                 A         B        C        D         E       F
            +---------+---------+-------+---------+---------+-------
      Total |    8527 |    3161 |  27.0 |     199 |      50 |  20.1
            +---------+---------+-------+---------+---------+-------
        D:1 |      39 |       0 |   0.0 |      23 |       0 |   0.0
        D:2 |      56 |       0 |   0.0 |      24 |       0 |   0.0
        D:3 |     208 |      18 |   8.0 |      24 |       3 |  11.1
        D:4 |     417 |       0 |   0.0 |      28 |       0 |   0.0
        D:5 |     596 |      26 |   4.2 |      18 |       8 |  30.8
        D:6 |    1220 |     641 |  34.4 |      27 |       2 |   6.9
        D:7 |    1123 |     172 |  13.3 |      24 |       1 |   4.0
        D:8 |     707 |       7 |   1.0 |      14 |       4 |  22.2
     Lair:1 |    3662 |    1578 |  30.1 |      16 |       5 |  23.8
     Lair:2 |     499 |     403 |  44.7 |       1 |       1 |  50.0
      Sewer |       0 |     316 | 100.0 |       0 |      26 | 100.0
            +---------+---------+-------+---------+---------+-------
